 Dungeon Crawl Stone Soup version 0.25.0-15-gac7dcb8919 (webtiles) character file.

Game seed: 4356412161078831272

5371 Descartes the Blocker (level 10, -5/47 HPs)
             Began as a Vine Stalker Fighter on June 28, 2020.
             Was an Elder of Sif Muna.
             Slain by Harold
             ... wielding a +0 scimitar
              (11 damage)
             ... on level 9 of the Dungeon.
             The game lasted 00:30:53 (8412 turns).

Descartes the Blocker (Vine Stalker Fighter)        Turns: 8412, Time: 00:30:54

Health: -5/47      AC:  6    Str: 18    XL:     10   Next: 66%
Magic:  0/14       EV: 10    Int: 13    God:    Sif Muna [****..]
Gold:   202        SH: 13    Dex: 21    Spells: 6/13 levels left

rFire    x . .     SeeInvis +   e - +6 rapier "Descartes's Bane" {speed, rElec rF- Int+2 Stlth+}
rCold    . . .     Gourm    .   c - +0 kite shield
rNeg     . . .     Faith    .   H - +1 robe {MR+}
rPois    .         Spirit   +   i - +0 hat
rElec    +         Reflect  .   P - +2 cloak {MR+}
rCorr    .         Harm     .   (no gloves)
MR       +++..                  (no boots)
Stlth    ++++......             (no amulet)
HPRegen  0.55/turn              O - +6 ring of dexterity
MPRegen  0.14/turn              F - ring of Qeaqeb {Slay+3 SInv Stlth+}

@: no status effects
A: fangs 3, talons 1, regeneration 1, magic shield, antimagic bite, no potion
heal 3, rot immunity
a: Channel Magic, Forget Spell, Divine Exegesis, Renounce Religion


You were on level 9 of the Dungeon.
You worshipped Sif Muna.
Sif Muna was greatly pleased with you.
You were not hungry.

You visited 2 branches of the dungeon, and saw 10 of its levels.
You also visited: Sewer and Ossuary.

You collected 438 gold pieces.
You spent 236 gold pieces at shops.

Inventory:

Hand Weapons
 a - a +0 long sword
 b - a +0 hunting sling
 e - the +6 rapier "Descartes's Bane" (weapon) {speed, rElec rF- Int+2 Stlth+}
   (You found it on level 6 of the Dungeon)

   Attacks with this weapon are significantly faster.
   It affects your intelligence (+2).
   It makes you vulnerable to fire.
   It insulates you from electricity.
   It makes you more stealthy.
 t - a +3 mace of protection
 L - a +1 hand axe of electrocution
Missiles
 g - 126 stones (quivered)
 h - 241 arrows
 m - 77 bolts
 q - 36 poisoned darts
 w - 2 throwing nets
 y - 17 sling bullets
Armour
 c - a +0 kite shield (worn)
 i - a +0 hat (worn)
 H - a +1 robe of magic resistance (worn)
 J - +0 fire dragon scales
 P - a +2 cloak of magic resistance (worn)
Jewellery
 j - an uncursed ring of protection from fire
 F - the ring of Qeaqeb (right hand) {Slay+3 SInv Stlth+}
   (You found it on level 4 of the Dungeon)

   [ring of stealth]

   It affects your accuracy and damage with ranged weapons and melee attacks
   (+3).
   It lets you see invisible.
   It makes you more stealthy.
 O - a +6 ring of dexterity (left hand)
Wands
 I - a wand of digging (4)
 K - a wand of enslavement (3)
 R - a wand of disintegration (25)
Scrolls
 s - 2 scrolls of blinking
 u - 2 scrolls of amnesia {unknown}
 C - 3 scrolls of immolation
 G - 2 scrolls of teleportation
Potions
 d - a potion of might
 k - a potion of stabbing
 l - 3 potions of resistance
 n - a potion of magic
 o - a potion of cancellation
 p - a potion of lignification {unknown}
 r - 4 potions of curing
 v - 4 potions of haste
 x - 2 potions of mutation
 z - a potion of invisibility
 A - 6 potions of flight
 E - a potion of berserk rage {unknown}
Comestibles
 f - 16 rations
 D - 3 chunks of flesh


   Skills:
 - Level 2.7 Fighting
 + Level 0.9(1.4) Short Blades
 - Level 1.7(1.9) Long Blades
 + Level 4.3 Armour
 + Level 1.8 Stealth
 * Level 12.2 Shields
 + Level 2.4 Spellcasting
 + Level 2.4 Translocations
 - Level 5.0 Invocations


You had 6 spell levels left.
You knew the following spells:

 Your Spells              Type           Power        Failure   Level  Hunger
a - Blink                 Tloc           N/A          19%         2    ###....
b - Mephitic Cloud        Conj/Pois/Air  #.......     71%         3    ###....
c - Passwall              Tmut/Erth      #.......     45%         2    ###....

Your spell library contained the following spells:

 Spells                   Type           Power        Failure   Level  Hunger
 Magic Dart               Conj           #...         34%         1    #......
 Sandblast                Erth           #.....       34%         1    #......
 Shock                    Conj/Air       #...         34%         1    #......
 Call Imp                 Summ           #.......     45%         2    ###....
 Slow                     Hex            #.......     45%         2    ###....
 Swiftness                Chrm/Air       #.......     45%         2    ###....
 Conjure Flame            Conj/Fire      #.......     71%         3    ###....
 Static Discharge         Conj/Air       #.......     71%         3    ###....
 Stone Arrow              Conj/Erth      #.....       71%         3    ###....
 Airstrike                Air            #.........   98%         4    #####..
 Petrify                  Tmut/Erth      #.......     98%         4    #####..
 Lee's Rapid Deconstruct  Erth           #.........   100%        5    ######.
 Lightning Bolt           Conj/Air       #.........   100%        5    ######.


Dungeon Overview and Level Annotations

Branches:
Dungeon (9/15)             Temple (1/1) D:4             Orc (0/2) D:9
  Sewer (visited)         Ossuary (visited)
   Lair: D:8-11

Altars:
Ashenzari
Cheibriados
Dithmenos
Elyvilon
Fedhas
Gozag
Hepliaklqana
Kikubaaqudgha
Makhleb
Nemelex Xobeh
Okawaru
Qazlal
Ru
Sif Muna
Trog
Uskayaw
Vehumet
Wu Jian
Xom
Yredelemnul
Zin
The Shining One

Shops:
D:6 }%[   D:7 }*

Annotations:
D:9 Harold


Innate Abilities, Weirdness & Mutations

You have razor-sharp teeth.
Your natural rate of healing is unusually fast.
When hurt, damage is shared between your health and your magic reserves.
Your bite disrupts and absorbs the magic of your enemies.
Potions cannot restore your health.
You are immune to rotting.
You have sharp toenails.


Message History

Harold is heavily wounded.
Harold hits you with a +0 scimitar.
You puncture Harold! Your kick misses Harold.
Harold is heavily wounded.
You hit Harold. You claw Harold, but do no damage. Your bite misses Harold.
Harold is heavily wounded.
Harold hits you with a +0 scimitar!!
* * * LOW HITPOINT WARNING * * *
You hit Harold. You bite Harold.
Harold's magic leaks into the air.
You drain his magic.
You feel invigorated.
Harold is severely wounded.
You block Harold's attack.
You puncture Harold! You claw Harold, but do no damage.
You bite Harold, but do no damage.
Harold is severely wounded.
You puncture Harold! You claw Harold. You bite Harold.
Harold's magic leaks into the air.
You drain his magic.
You feel invigorated.
Harold is almost dead.
Harold hits you with a +0 scimitar!!
You die...

#. ########### #..
#.........# #...
#.........#####
#...###........(†...#
#...............@@..#
..........#######...#
..........# #...#
..........# #...#
.#######..# #..$# .#
#..# #...# .# #..#
#...# .#
#..#######..## .#
#...........#


You could see Harold.

Vanquished Creatures
  The ghost of paps the Chopper, a novice DsGl (D:7)
  A cyclops (D:7)
  Sigmund (D:5)
  A spriggan (D:7)
  A steam dragon (D:8)
  A hungry ghost (D:9)
  A water moccasin (D:8)
  An orc warrior (D:7)
  An ice beast (D:7)
  2 phantoms
  4 black bears
  5 centaurs
  4 ogres
  A crocodile (D:9)
  8 big kobolds
  A gnoll sergeant (D:9)
  5 bullfrogs
  2 scorpions
  4 killer bees (D:8)
  3 howler monkeys
  A crimson imp (D:6)
  2 bullfrog zombies
  3 hounds
  3 jellies
  3 centaur zombies
  4 orc wizards
  A human zombie (Ossuary)
  An orc priest (D:7)
  An iguana (D:7)
  2 bullfrog skeletons
  A centaur skeleton (D:9)
  5 worker ants
  A hound zombie (D:6)
  A hound skeleton (D:9)
  3 mummies (Ossuary)
  5 gnolls (D:9)
  13 adders
  3 river rats (Sewer)
  2 shadow imps
  3 oozes
  An adder zombie (D:8)
  An adder skeleton (D:4)
  7 worms
  4 leopard geckos
  8 orcs
  8 ball pythons
  6 giant cockroaches
  2 gnoll zombies (Ossuary)
  12 goblins
  11 hobgoblins
  6 jackals
  12 kobolds
  6 quokkas
  8 bats
  3 frilled lizards (D:4)
  2 hobgoblin zombies (Ossuary)
  A jackal skeleton (D:6)
  A kobold zombie (Ossuary)
  A quokka skeleton (D:7)
  11 rats
217 creatures vanquished.

Notes
Turn   | Place    | Note
-------+----------+-------------------------------------------
     0 | D:1      | Descartes the Vine Stalker Fighter began the quest for the
                  | Orb.
     0 | D:1      | Reached XP level 1. HP: 11/11 MP: 2/2
   359 | D:1      | Reached skill level 3 in Shields
   416 | D:1      | Reached XP level 2. HP: 16/16 MP: 3/3
  1167 | D:2      | Found a shattered altar of Ashenzari.
  1167 | D:2      | Found an iron altar of Okawaru.
  1583 | D:2      | Reached XP level 3. HP: 19/19 MP: 4/4
  1808 | D:2      | Found a shimmering blue altar of Sif Muna.
  2510 | D:2      | Became a worshipper of Sif Muna the Loreminder
  2593 | D:2      | Found a burning altar of Makhleb.
  2695 | D:3      | Reached skill level 4 in Shields
  3075 | D:3      | Gained mutation: Your natural rate of healing is unusually
                  | fast. [Vine Stalker growth]
  3075 | D:3      | Reached XP level 4. HP: 23/23 MP: 3/5
  3128 | D:3      | Reached * piety under Sif Muna
  3129 | D:3      | Found a glowing drain.
  3141 | Sewer    | Entered a sewer
  3194 | Sewer    | Noticed a big kobold
  3215 | Sewer    | Killed a big kobold
  3215 | Sewer    | Reached skill level 5 in Shields
  3215 | Sewer    | Reached XP level 5. HP: 23/27 MP: 6/6
  3255 | Sewer    | Noticed a big kobold
  3278 | Sewer    | Killed a big kobold
  3298 | Sewer    | Noticed a big kobold
  3324 | Sewer    | Killed a big kobold
  3324 | Sewer    | Reached skill level 6 in Shields
  3324 | Sewer    | Reached XP level 6. HP: 26/32 MP: 5/7
  3676 | Sewer    | Reached skill level 7 in Shields
  3676 | Sewer    | Reached XP level 7. HP: 32/35 MP: 8/8
  3889 | D:3      | Gained mutation: You have sharp toenails. [potion of
                  | mutation]
  3889 | D:3      | Gained mutation: You have razor-sharp teeth. [potion of
                  | mutation]
  4210 | D:4      | Reached skill level 8 in Shields
  4327 | D:4      | Found a staircase to the Ecumenical Temple.
  4333 | D:4      | Reached ** piety under Sif Muna
  4338 | Temple   | Entered the Ecumenical Temple
  4559 | D:4      | Got a flickering wooden ring
  4560 | D:4      | Identified the ring of Qeaqeb {Slay+3 SInv Stlth+} (You
                  | found it on level 4 of the Dungeon)
  4639 | D:4      | Mutation became permanent: You have extremely sharp teeth.
                  | [Vine Stalker growth]
  4639 | D:4      | Gained mutation: You have razor-sharp teeth. [Vine Stalker
                  | growth]
  4639 | D:4      | Reached XP level 8. HP: 39/39 MP: 9/9
  4882 | D:5      | Entered Level 5 of the Dungeon
  4951 | D:5      | Noticed Sigmund
  4960 | D:5      | Killed Sigmund
  4960 | D:5      | Reached skill level 9 in Shields
  4987 | D:5      | Learned a level 2 spell: Blink
  4991 | D:5      | Learned a level 3 spell: Mephitic Cloud
  5080 | D:5      | Reached skill level 1 in Spellcasting
  5080 | D:5      | Reached skill level 1 in Translocations
  5348 | D:5      | Reached *** piety under Sif Muna
  5611 | D:6      | Reached skill level 10 in Shields
  5629 | D:6      | Reached XP level 9. HP: 38/43 MP: 8/13
  5662 | D:6      | Got a blackened rapier
  5664 | D:6      | Found Jiraekeh's Food Emporium.
  5670 | D:6      | Identified the +6 rapier "Descartes's Bane" {speed, rElec
                  | rF- Int+2 Stlth+} (You found it on level 6 of the Dungeon)
  5671 | D:6      | Found Tadimoaw's Gadget Emporium.
  5680 | D:6      | Bought a wand of enslavement (3) for 55 gold pieces
  5710 | D:6      | Found a radiant altar of Vehumet.
  5718 | D:6      | Reached skill level 1 in Invocations
  6052 | D:6      | Found Addyher's Armour Emporium.
  6060 | D:6      | Bought a +1 cloak of magic resistance for 181 gold pieces
  6140 | D:7      | Found Loddigh's General Store.
  6159 | D:7      | Found Hukaipoe's Gadget Shoppe.
  6228 | D:7      | Found a runed translucent door.
  6230 | D:7      | Noticed a cyclops
  6230 | D:7      | Noticed paps's ghost (novice DsGl)
  6256 | D:7      | Reached skill level 11 in Shields
  6434 | D:7      | Reached **** piety under Sif Muna
  6488 | D:7      | Learned a level 2 spell: Passwall
  6669 | D:7      | Killed a cyclops
  6669 | D:7      | Reached XP level 10. HP: 47/47 MP: 14/14
  6677 | D:7      | Killed paps's ghost
  7033 | D:8      | Found a sand-covered staircase.
  7046 | Ossuary  | Entered an ossuary
  7423 | D:8      | Reached skill level 12 in Shields
  7684 | D:8      | Reached skill level 5 in Invocations
  8098 | D:9      | Found a staircase to the Orcish Mines.
  8129 | D:9      | Reached skill level 1 in Stealth
  8381 | D:9      | Noticed Harold
  8412 | D:9      | Slain by Harold

Illustrated notes

Levels and vault maps discovered:
D:1:      ncdulo_halloftheorcs, layout_basic
D:2:      layout_basic, chequers_temple_overflow_statue_of_worship,
          lemuel_round_altar, lemuel_round_altar
D:3:      layout_basic, portal_sewer_entry_e, first_ration, wad_floor_pattern_2,
          kennysheep_flooded_box, minmay_quantized
D:4:      cheibrodos_greedy_goblins, layout_gridville, minmay_temple_entry_hall
D:5:      layout_loops_ring, uniq_sigmund
D:6:      layout_rooms, serial_shops, shop, shop, shop, basic_altar,
          hangedman_decor_growths
D:7:      layout_rooms, ebering_ghost_inner_flame, serial_shops,
          nicolae_shop_window_shopping, kennysheep_mini_moat, the_bakery
D:8:      layout_gridville, enter_ossuary_2
D:9:      layout_irregular_city, orc_0_dummy, bh_walls_and_bars, uniq_harold
Temple:   regret_index_temple_mists

Skill      XL: |  1  2  3  4  5  6  7  8  9 10 |
---------------+-------------------------------+-----
Shields        | 3 4 5 6 7 8 10 11 12 | 12.2
Spellcasting   | 2 |  2.4
Translocations | 2 |  2.4
Invocations    | 4 5 |  5.0
Armour         | 3 4 |  4.3
Stealth        | 1 |  1.8
Fighting       | |  2.7
Short Blades   | |  0.9
Long Blades    | |  1.7

Action                   |  1- 3 |  4- 6 |  7- 9 | 10-12 || total
-------------------------+-------+-------+-------+-------++-------
Melee: Long sword        |    60 |   161 |    85 |       ||   306
       Bite              |    14 |    39 |    81 |    55 ||   189
       Mace              |     6 |       |       |       ||     6
       Whip              |       |       |   123 |       ||   123
       Kick              |       |       |    70 |    60 ||   130
       Rapier            |       |       |    91 |   130 ||   221
 Fire: Hunting sling     |    85 |       |       |       ||    85
  Use: Scroll            |     8 |       |     4 |    11 ||    23
       Potion            |       |       |     2 |       ||     2
 Stab: Invisible         |       |       |     3 |     2 ||     5
       Sleeping          |       |       |       |    10 ||    10
       Distracted        |       |       |       |     2 ||     2
  Eat: Chunk             |     5 |     1 |    10 |     3 ||    19
       Ration            |       |     1 |       |     1 ||     2
Armor: Scale mail        |    53 |    54 |    18 |       ||   125
       Plate armour      |       |       |    91 |       ||    91
       Robe              |       |       |       |    18 ||    18
Dodge: Dodged            |    31 |    34 |    35 |    21 ||   121
Block: Kite shield       |    60 |    92 |   136 |    43 ||   331
       Rpst.: Long sword |     8 |    11 |     5 |       ||    24
